 Dungeon Crawl Stone Soup version 0.28.0-45-g0d030f2227 (webtiles) character file.

Game seed: 6934197479994800005

551 dianekeaton the Cleaver (level 7, -6/57 HPs)
             Began as a Hill Orc Fighter on Apr 3, 2022.
             Was a Follower of Okawaru.
             Mangled by a troll (7 damage)
             ... on level 5 of the Dungeon.
             The game lasted 00:18:28 (4514 turns).

dianekeaton the Cleaver (Hill Orc Fighter)          Turns: 4514, Time: 00:18:28

Health: -6/57      AC: 14    Str: 21    XL:     7   Next: 29%
Magic:  7/7        EV:  5    Int:  8    God:    Okawaru [*.....]
Gold:   78         SH:  6    Dex: 10    Spells: 6/6 levels left

rFire   . . .      SeeInvis .   a - +0 war axe {Thugger}
rCold   . . .      Faith    .   o - +2 buckler
rNeg    . . .      Spirit   .   i - +0 plate armour
rPois   .          Reflect  .   k - +1 helmet
rElec   .          Harm     .   (no cloak)
rCorr   .          Rampage  .   (no gloves)
Will    .....                   p - +0 pair of boots
Stlth   ..........              l - amulet of regeneration
HPRegen 0.99/turn               (no ring)
MPRegen 0.10/turn               (no ring)

@: no status effects
A: no striking features
a: Renounce Religion, Heroism


You were on level 5 of the Dungeon.
You worshipped Okawaru.
Okawaru was aware of your devotion.
You visited 2 branches of the dungeon, and saw 6 of its levels.

You collected 168 gold pieces.
You spent 90 gold pieces at shops.

Inventory:

Hand Weapons
 a - a +0 war axe (weapon) {Thugger}
Missiles
 e - 132 stones (quivered)
Armour
 i - a +0 plate armour (worn)
 k - a +1 helmet (worn)
 o - a +2 buckler (worn)
 p - a +0 pair of boots (worn)
Jewellery
 b - a ring of wizardry
 l - an amulet of regeneration (around neck)
Scrolls
 f - 2 scrolls of teleportation
 g - a scroll of torment {unknown}
 j - a scroll of amnesia
 q - a scroll of enchant armour
Potions
 d - a potion of attraction
 m - 3 potions of curing
 n - a potion of haste {unknown}


   Skills:
 - Level 3.6 Fighting
 + Level 10.1 Axes
 + Level 0.2 Throwing
 - Level 3.2 Armour
 - Level 0.3 Dodging
 - Level 3.2 Shields


You had 6 spell levels left.
You didn't know any spells.
Your spell library contained the following spells:

 Spells                   Type           Power      Damage    Failure   Level
 Corpse Rot               Necr/Air       0%         N/A       100%        2
 Dispel Undead            Necr           0%         3d6       100%        4
 Summon Small Mammal      Summ           Unusable   N/A       N/A         1
 Call Canine Familiar     Summ           Unusable   N/A       N/A         3
 Summon Guardian Golem    Hex/Summ       Unusable   N/A       N/A         3
 Death Channel            Necr           Unusable   N/A       N/A         6

Dungeon Overview and Level Annotations

Branches:
Dungeon (5/15)             Temple (1/1) D:4

Altars:
Cheibriados
Elyvilon
Fedhas
Hepliaklqana
Kikubaaqudgha
Nemelex Xobeh
Okawaru
Ru
Sif Muna
Trog
Vehumet
Wu Jian
Xom
Zin
The Shining One

Shops:
D:1 (


Message History

The troll claws you but does no damage.
You barely miss the troll.
The troll is severely wounded.
The troll bites you. The troll claws you.
* * * LOW HITPOINT WARNING * * *
The troll claws you!
* * * LOW HITPOINT WARNING * * *
You block the troll's attack. x2; The troll claws you.
* * * LOW HITPOINT WARNING * * *
You block the troll's attack. The troll claws you but does no damage.
You block the troll's attack. The troll bites you but does no damage.
The troll claws you.
* * * LOW HITPOINT WARNING * * *
The troll claws you but does no damage. The troll bites you.
* * * LOW HITPOINT WARNING * * *
The troll claws you but does no damage. x2
Throw: dart (poison)
Press: ? - help, Q - select action, (/) - cycle Shift-Dir - straight line, f/p - troll
Aim: a troll (moderately wounded, 56% to hit)
You throw a poisoned dart. The poisoned dart hits the troll.
The troll is poisoned.
The troll is moderately wounded.
You block the troll's attack. The troll claws you but does no damage.
The troll barely misses you.
You hit the troll.
The troll is moderately wounded.
You block the troll's attack. The troll claws you.
* * * LOW HITPOINT WARNING * * *
The troll claws you.
* * * LOW HITPOINT WARNING * * *
You hit the troll but do no damage.
The troll is moderately wounded.
The troll bites you!
* * * LOW HITPOINT WARNING * * *
The troll claws you but does no damage. You block the troll's attack.
You feel better.
The troll looks more healthy.
The troll bites you!
* * * LOW HITPOINT WARNING * * *
The troll claws you!
You die...

##### #### #...#
...##########.#.#
.........##...#.####
...(........#......##
.........####.#.....#
................(..##
.........##.#.#.T..#
##..............@..#
##.......รท.........#
##.......##..####.##
####.######.......# #
#.....#......###
########.#..###.#
#.....<#.#[.#...#
#......#.#..###.#
.........#......#


You could see a troll.

Vanquished Creatures
  Menkaure (D:4)
  A necrophage (D:5)
  A water moccasin skeleton (D:3)
  A centaur zombie (D:5)
  2 bullfrog skeletons (D:5)
  A centaur skeleton (D:5)
  A scorpion zombie (D:5)
  3 gnolls (D:2)
  4 adders
  A howler monkey skeleton (D:4)
  A white imp (D:4)
  An ufetubus (D:4)
  A worm (D:5)
  2 ball pythons
  3 endoplasms
  A giant cockroach (D:2)
  7 goblins
  7 hobgoblins
  7 jackals
  2 quokkas
  7 bats
  A frilled lizard (D:1)
  15 kobolds
  8 rats
79 creatures vanquished.

Notes
Turn   | Place    | Note
-------+----------+-------------------------------------------
     0 | D:1      | dianekeaton the Hill Orc Fighter began the quest for the
                  | Orb.
     0 | D:1      | Reached XP level 1. HP: 19/19 MP: 1/1
    65 | D:1      | Reached skill level 3 in Axes
   177 | D:1      | Reached XP level 2. HP: 26/26 MP: 2/2
   551 | D:1      | Found a faded altar of an unknown god.
   667 | D:1      | Reached skill level 4 in Axes
   743 | D:1      | Found Nezatas's Weapon Boutique.
  1418 | D:2      | Reached XP level 3. HP: 31/31 MP: 3/3
  1536 | D:2      | Reached skill level 5 in Axes
  1634 | D:2      | Reached XP level 4. HP: 39/39 MP: 4/4
  2165 | D:3      | Found a radiant altar of Vehumet.
  2186 | D:3      | Reached skill level 6 in Axes
  2210 | D:3      | Found an ornate altar of the Wu Jian Council.
  2420 | D:3      | Reached skill level 7 in Axes
  2420 | D:3      | Reached XP level 5. HP: 34/45 MP: 5/5
  2807 | D:3      | Noticed a kobold brigand
  2882 | D:4      | Found a glowing golden altar of the Shining One.
  3130 | D:4      | Found a staircase to the Ecumenical Temple.
  3144 | Temple   | Entered the Ecumenical Temple
  3195 | Temple   | Became a worshipper of Warmaster Okawaru
  3341 | D:4      | Noticed Menkaure
  3344 | D:4      | Killed Menkaure
  3345 | D:4      | Reached skill level 8 in Axes
  3345 | D:4      | Reached XP level 6. HP: 26/51 MP: 6/6
  3859 | D:4      | Found Zin's Purification Station.
  3864 | D:4      | Found a glowing silver altar of Zin.
  3867 | D:4      | Bought a potion of curing for 90 gold pieces
  4121 | D:5      | Entered Level 5 of the Dungeon
  4161 | D:5      | Reached * piety under Okawaru
  4185 | D:5      | Noticed a necrophage
  4204 | D:5      | Killed a necrophage
  4205 | D:5      | Reached skill level 9 in Axes
  4205 | D:5      | Reached XP level 7. HP: 47/57 MP: 7/7
  4427 | D:5      | Reached skill level 10 in Axes
  4430 | D:5      | Noticed a troll
  4513 | D:5      | HP: 2/57 [troll (9)]
  4514 | D:5      | Mangled by a troll

Illustrated notes

Levels and vault maps discovered:
D:1:      amcnicky_arrival_double_pillar, layout_basic, serial_shops,
          nicolae_shop_statue_plus, shapermc_ecumenical_altar_petra
D:2:      layout_rooms, hangedman_decor_push
D:3:      cheibrodos_thug_alley, layout_basic,
          mainiacjoe_overflow_surrounded_room, nicolae_overflow_crystal_walls
D:4:      layout_layer_cave, mainiacjoe_overflow_tiny_flanked, zin_purify,
          minmay_temple_entry_stoned_glass, kennysheep_generic_room_15,
          uniq_menkaure
D:5:      layout_basic, minmay_misc_feat_room, uniq_crazy_yiuf_cottage
Temple:   regret_index_temple_mists

Skill      XL: |  1  2  3  4  5  6  7 |
---------------+----------------------+-----
Axes           | 3 4 5 7 8 9 10 | 10.1
Fighting       | |  3.6
Throwing       | |  0.2
Armour         | |  3.2
Dodging        | |  0.3
Shields        | |  3.2

Action                   |  1- 3 |  4- 6 |  7- 9 || total
-------------------------+-------+-------+-------++-------
Melee: War axe           |    68 |   135 |    27 ||   230
Throw: Dart              |       |     4 |     6 ||    10
Invok: Heroism           |       |       |     1 ||     1
  Use: Potion            |       |     1 |     1 ||     2
       Scroll            |       |     8 |       ||     8
Armor: Scale mail        |    18 |       |       ||    18
       Plate armour      |    34 |   100 |    46 ||   180
Dodge: Dodged            |    36 |    30 |    16 ||    82
Block: Buckler           |    19 |    29 |    21 ||    69
